 Dungeon Crawl Stone Soup version 0.30.1-9-gdf580d7c3d (webtiles) character file.

Game seed: 10374874067236851925

603740 Ijustatesigmund the Petrodigitator (level 27, -8/170 HPs)
             Began as a Gargoyle Earth Elementalist on Oct 17, 2023.
             Was the Champion of Vehumet.
             Mangled by Parghit (20 damage)
             ... on level 3 of the Realm of Zot on Oct 19, 2023.
             The game lasted 04:48:14 (99365 turns).

Ijustatesigmund the Petrodigitator (GrEE)          Turns: 99365, Time: 04:48:15

Health: -8/170     AC: 42    Str: 13      XL:     27
Magic:  0/55       EV: 13    Int: 34      God:    Vehumet [******]
Gold:   5061       SH: 19    Dex: 14 (15) Spells: 6/64 levels left

rFire   + + .        J - +10 morningstar "Eos" {elec, Halo rElec}
rCold   + . .        I - +3 kite shield {AC+3}
rNeg    + . .        a - +3 acid dragon scales
rPois   ∞            O - +0 hat of Ikecw {Int+3}
rElec   +            K - scarf {rC+ rF+}
rCorr   +            i - +2 pair of gloves of Action {Dex+3}
SInv    .            h - +2 pair of boots
Will    ++...        g - amulet of reflection
Stlth   ++           N - ring of Kedosin {MP+9 Int+4}
HPRegen 0.48/turn    R - ring of wizardry
MPRegen 0.34/turn

%: reflection, clarity, wizardry (x1)
@: about to teleport, flying, very slightly contaminated, glowing, studying 4
skills
A: sickness immunity, AC +20, big wings, negative energy resistance 1,
electricity resistance, torment resistance 1, petrification resistance, horns 1,
talons 1, thin skeletal structure 1, clarity, deterioration 1, fire resistance
1, weak 1
}: 3/15 runes: decaying, serpentine, slimy
a: Renounce Religion


You were on level 3 of the Realm of Zot.
You worshipped Vehumet.
Vehumet was exalted by your worship.
You visited 12 branches of the dungeon, and saw 54 of its levels.
You visited Pandemonium 1 time, and saw 1 of its levels.
You visited the Abyss 1 time.
You also visited: Ice Cave.

You collected 10138 gold pieces.
You spent 5077 gold pieces at shops.

Inventory:

Hand Weapons
 e - the +7 eveningstar of Proximity {protect, rElec rN+ Str+3}
   (You acquired it on level 4 of the Swamp)

   Str:       It affects your strength (+3).
   rElec:     It insulates you from electricity.
   rN:        It protects you from negative energy.
 J - the +10 morningstar "Eos" (weapon) {elec, Halo rElec}
   (You took it off a deep elf pyromancer on level 1 of the Elven Halls)

   Halo:      It grants its wielder a halo, revealing invisible creatures and
   increasing accuracy against all within it other than the wielder.
   rElec:     It insulates you from electricity.
Armour
 a - +3 acid dragon scales (worn)
 h - a +2 pair of boots (worn)
 i - the +2 pair of gloves of Action (worn) {Dex+3}
   (You acquired it on level 4 of the Vaults)

   Dex:       It affects your dexterity (+3).
 u - a +0 troll leather armour
 I - a +3 kite shield of protection (worn)
 K - a scarf of resistance (worn)
 O - the +0 hat of Ikecw (worn) {Int+3}
   (You found it on level 14 of the Dungeon)

   Int:       It affects your intelligence (+3).
Magical Staves
 w - a staff of conjuration
 X - the staff of earth "Qoshrauq" {rN+ Int+5 Dex-4 Stlth+}
   (You found it on level 3 of the Elven Halls)

   [staff of earth]

   Base accuracy: +5 Base damage: 5 Base attack delay: 1.2 This weapon's minimum
   attack delay (0.6) is reached at skill level 12.
   Int:       It affects your intelligence (+5).
   Dex:       It affects your dexterity (-4).
   rN:        It protects you from negative energy.
   Stlth:     It makes you more stealthy.
   It falls into the 'Staves' category.
   It is a one-handed weapon.
Jewellery
 g - an amulet of reflection (around neck)
 m - a ring of protection from fire
 y - the amulet of Mylleimu {RegenMP rF+ SInv}
   (You found it on level 3 of the Snake Pit)

   [amulet of magic regeneration]

   It increases your rate of magic regeneration.
   rF:        It protects you from fire.
   SInv:      It lets you see invisible.
 E - the ring of Disaster {rC+ Will+}
   (You found it on level 5 of the Pits of Slime)

   [ring of willpower]

   rC:        It protects you from cold.
   Will:      It increases your willpower.
 F - a ring of positive energy
 N - the ring of Kedosin (left hand) {MP+9 Int+4}
   (You took it off an orc priest on level 15 of the Dungeon)

   [ring of magical power]

   Int:       It affects your intelligence (+4).
   MP:        It affects your magic capacity (+9).
 P - the ring "Timaygat" {rC+ Int+3 Dex+3}
   (You took it off a deep elf master archer on level 3 of the Elven Halls)

   [ring of protection from cold]

   Int:       It affects your intelligence (+3).
   Dex:       It affects your dexterity (+3).
   rC:        It protects you from cold.
 Q - a ring of resist corrosion
 R - a ring of wizardry (right hand)
 T - an amulet of regeneration
 Z - a ring of wizardry
Wands
 d - a wand of roots (52)
 v - a wand of flame (74)
 z - a wand of acid (14)
 A - a wand of digging (31)
 C - a wand of polymorph (15)
 S - a wand of charming (32)
 W - a wand of mindburst (33)
Scrolls
 f - 21 scrolls of immolation
 k - 9 scrolls of amnesia
 o - 3 scrolls of fog
 r - 4 scrolls of fear
 x - 8 scrolls of poison
 B - 3 scrolls of silence
 D - a scroll of butterflies
 L - 5 scrolls of teleportation
 U - 4 scrolls of magic mapping
 V - 3 scrolls of torment
Potions
 b - 3 potions of mutation
 c - 23 potions of curing
 j - 10 potions of attraction
 l - a potion of haste
 n - 14 potions of lignification
 p - 5 potions of ambrosia
 q - 3 potions of heal wounds
 s - 7 potions of brilliance
 t - 5 potions of cancellation
 G - 3 potions of resistance
 H - 7 potions of might
 M - 7 potions of magic
 Y - 4 potions of invisibility


   Skills:
 - Level 16.8 Fighting
 - Level 17.0 Maces & Flails
 - Level 10.3 Armour
 + Level 7.4 Dodging
 - Level 5.4 Stealth
 - Level 9.7 Shields
 + Level 19.0 Spellcasting
 - Level 18.5 Conjurations
 + Level 13.9 Necromancy
 - Level 10.8 Translocations
 - Level 7.2 Transmutations
 - Level 7.3 Fire Magic
 O Level 27 Earth Magic
 - Level 10.0 Evocations


You had 6 spell levels left.
You knew the following spells:

 Your Spells              Type           Power      Damage    Failure   Level
a - Shatter               Erth           60%        3d45*     1%          9
b - Stone Arrow           Conj/Erth      100%       3d13      0%          3
c - Irradiate             Conj/Tmut      44%        3d26      1%          5
d - Blink                 Tloc           100%       N/A       1%          2
e - Starburst             Conj/Fire      44%        6d12      1%          6
f - Fireball              Conj/Fire      44%        3d18      1%          5
g - Passwall              Tmut/Erth      82%        N/A       0%          2
h - Iron Shot             Conj/Erth      56%        9d11      1%          6
i - Lehudib's Crystal Sp  Conj/Erth      56%        10d13     1%          8
j - Iskenderun's Mystic   Conj/Tloc      93%        2d18      1%          4
k - Infestation           Necr           45%        N/A       28%         8

Your spell library contained the following spells:

 Spells                   Type           Power      Damage    Failure   Level
 Ignition                 Fire           35%        3d11      67%         8
 Polar Vortex             Ice            16%        N/A       100%        9
 Kiss of Death            Conj/Necr      100%       2d13      0%          1
 Necrotise                Necr           100%       1d9       0%          1
 Sandblast                Erth           100%       2d20      0%          1
 Momentum Strike          Conj/Tloc      100%       3d10      0%          2
 Apportation              Tloc           100%       N/A       1%          1
 Sting                    Tmut/Pois      100%       1d8       1%          1
 Summon Small Mammal      Summ           100%       N/A       1%          1
 Lesser Beckoning         Tloc           100%       N/A       1%          2
 Poisonous Vapours        Pois/Air       64%        N/A       1%          2
 Scorch                   Fire           100%       2d9       1%          2
 Static Discharge         Conj/Air       100%       2-7/arc   1%          2
 Dazzling Flash           Conj/Hex       100%       N/A       1%          3
 Ignite Poison            Fire/Tmut/Pois 60%        N/A       1%          3
 Inner Flame              Hex/Fire       55%        N/A       1%          3
 Mephitic Cloud           Conj/Pois/Air  65%        N/A       1%          3
 Portal Projectile        Hex/Tloc       100%       N/A       1%          3
 Spider Form              Tmut/Pois      54%        N/A       1%          3
 Vampiric Draining        Necr           91%        2d12      1%          3
 Vhi's Electric Charge    Tloc/Air       100%       N/A       1%          3
 Volatile Blastmotes      Fire/Tloc      100%       2d18      1%          3
 Anguish                  Hex/Necr       34%        N/A       1%          4
 Animate Armour           Summ/Erth      100%       N/A       1%          4
 Animate Dead             Necr           91%        N/A       1%          4
 Dispel Undead            Necr           91%        3d29      1%          4
 Flame Wave               Conj/Fire      88%        2d19      1%          4
 Fulminant Prism          Conj/Hex       38%        3d17      1%          4
 Leda's Liquefaction      Hex/Erth       45%        N/A       1%          4
 Manifold Assault         Tloc           82%        N/A       1%          4
 Passage of Golubria      Tloc           82%        N/A       1%          4
 Petrify                  Tmut/Erth      99%        N/A       1%          4
 Agony                    Necr           91%        N/A       1%          5
 Arcjolt                  Conj/Air       38%        1d48      1%          5
 Freezing Cloud           Conj/Ice/Air   32%        6-21      1%          5
 Iskenderun's Battlesphe  Conj           100%       2d15      1%          5
 Conjure Ball Lightning   Conj/Air       38%        3x3d12    1%          6
 Death Channel            Necr           45%        N/A       1%          6
 Call Canine Familiar     Summ           32%        N/A       4%          3
 Summon Guardian Golem    Hex/Summ       32%        N/A       4%          3
 Airstrike                Air            16%        2d(3-19)  4%          4
 Olgreb's Toxic Radiance  Pois           32%        N/A       4%          4
 Alistair's Intoxication  Tmut/Pois      36%        N/A       9%          5
 Plasma Beam              Fire/Air       27%        2x1d44    13%         6
 Cause Fear               Hex            16%        N/A       14%         4
 Summon Ice Beast         Ice/Summ       32%        N/A       14%         4
 Summon Lightning Spire   Summ/Air       32%        N/A       14%         4
 Metabolic Englaciation   Hex/Ice        16%        N/A       36%         5
 Silence                  Hex/Air        16%        N/A       36%         5
 Summon Cactus Giant      Summ           16%        N/A       89%         6
 Orb of Destruction       Conj           51%        9d13      1%          7
 Spellforged Servitor     Conj/Summ      38%        N/A       8%          7
 Borgnjor's Revivificati  Necr           45%        N/A       28%         8
 Dragon Form              Tmut           34%        N/A       50%         7
 Haunt                    Necr/Summ      34%        N/A       52%         7
 Necromutation            Tmut/Necr      40%        N/A       73%         8
 Storm Form               Tmut/Air       27%        N/A       93%         7
 Death's Door             Necr           45%        N/A       98%         9
 Enfeeble                 Hex            16%        N/A       100%        7
 Sublimation of Blood     Necr           Unusable   N/A       N/A         2
 Cigotuvi's Dreadful Rot  Necr/Pois/Air  Unusable   N/A       N/A         2
 Statue Form              Tmut/Erth      Unusable   N/A       N/A         6

Dungeon Overview and Level Annotations

Branches:
Dungeon (15/15)            Temple (1/1) D:4            Lair (5/5) D:8
  Swamp (4/4) Lair:3        Snake (4/4) Lair:3        Slime (5/5) Lair:5
    Orc (2/2) D:11            Elf (3/3) Orc:2        Vaults (5/5) D:14
  Crypt (3/3) Vaults:3       Tomb (0/3) Crypt:3      Depths (4/4) D:15
    Zot (3/5) Depths:4      IceCv (visited)

Altars:
Ashenzari
Cheibriados
Dithmenos
Elyvilon
Fedhas
Gozag
Hepliaklqana
Kikubaaqudgha
Makhleb
Nemelex Xobeh
Okawaru
Qazlal
Ru
Sif Muna
Trog
Uskayaw
Vehumet
Wu Jian
Xom
Yredelemnul
Zin
The Shining One

Shops:
D:15 (   Orc:1 *!   Orc:2 =(**   Elf:3 *   Snake:1 :(   Snake:2 *   Snake:4 *
Vaults:4 ?[   Depths:2 !   Depths:4 *

Portals:
Hell: Depths:1 Depths:2 Depths:3 Depths:4
Abyss: Depths:2 Depths:3 Depths:4
Pandemonium: Depths:2 Depths:4
Ziggurat: Depths:1
Trove: D:12 (give 6 scrolls of blinking)

Annotations:
D:10 1 transporter
Elf:3 3 runed translucent doors
Zot:3 Parghit


Innate Abilities, Weirdness & Mutations

You are immune to sickness and miasma.
Your stone body is resilient. (AC +20)
You are immune to poison.
Your large and strong wings let you fly.
You resist negative energy. (rN+)
You are resistant to electric shocks. (rElec)
You are resistant to unholy torment.
You are immune to petrification.
You have a pair of small horns on your head.
You have sharp toenails.
You have a somewhat thin skeletal structure. (Dex +2, Stealth+)
You possess an exceptional clarity of mind.
Your body sometimes deteriorates upon taking damage.
Your flesh is heat resistant. (rF+)
You are weak. (Str -2)


Message History

The ghost moth stares at you.
You block the yellow draconian's attack.
The moth of wrath goads the white draconian on!
The white draconian goes berserk!
The black draconian barely misses you. The ghost moth stares at you.
The ghost moth completely misses you. You block the ghost moth's attack.
The ghost moth closely misses you.
You impale the purple draconian!! You headbutt the purple draconian.
The purple draconian is severely wounded.
The yellow draconian closely misses you.
The ghost moth stares at you.
You feel your power leaking away.
The moth of wrath goads Parghit on!
Parghit goes berserk!
The moth of wrath goads the purple draconian on!
The purple draconian goes berserk!
You block the purple draconian's attack.
Parghit bites you!!! You block Parghit's attack. Parghit claws you!!
* * * LOW HITPOINT WARNING * * *
The black draconian hits you with a +0 short sword!!
* * * LOW HITPOINT WARNING * * *
The ghost moth stares at you.
The ghost moth hits you but does no damage.
The ghost moth hits you!
* * * LOW HITPOINT WARNING * * *
You block the ghost moth's attack.
You feel much better.
You block the yellow draconian's attack.
You block the purple draconian's attack.
Parghit bites you but does no damage. Parghit claws you!
* * * LOW HITPOINT WARNING * * *
Parghit claws you but does no damage. You block the moth of wrath's attack.
The ghost moth stares at you.
The black draconian hits you but does no damage.
The white draconian rages.
The yellow draconian hits you with a +0 mace.
* * * LOW HITPOINT WARNING * * *
The ghost moth stares at you.
The ghost moth hits you but does no damage. x2
The ghost moth closely misses you. Parghit bites you!!
You die...

........#.....#.
........#....... ..
........#.......###.# .
.......##........... ..
.......##....#..#..##.#
.......#..............#
......?#.#.##........#
...)...........)dy..#
.#########..###d@dd.# .
......#Tyd.....
......#dyy..... §≈≈..
#d).....≈ §≈≈≈.
#).....≈§ ≈≈≈.
...^....§ §...
......... .........


You could see Parghit (berserk), 2 draconians, a yellow draconian (berserk), a
green draconian, 2 draconians, a white draconian (berserk), 2 ghost moths and 2
moths of wrath.

Vanquished Creatures
  A pandemonium lord (Pan)
  the Royal Jelly (Slime:5)
  Dissolution (Slime:3)
  An orb of fire (Zot:2)
  An ancient lich (Crypt:3)
  The ghost of Ulecsuczon the Impregnable, a veteran MiGl of Hepliaklqana (Crypt:2)
  Vv (Depths:4)
  A Killer Klown (Zot:2)
  4 caustic shrikes
  A curse toe (Zot:3)
  5 golden dragons
  A Tzitzimitl (Pan)
  A shard shrike zombie (Crypt:3)
  3 doom hounds (Zot:3)
  8 tentacled monstrosities
  Mlioglotl (Swamp:1)
  A walking crystal tome (Depths:3)
  A shard shrike skeleton (Crypt:1)
  3 liches
  Grunn (Zot:3)
  A titan (Vaults:4)
  3 deep elf blademasters
  2 deep elf master archers (Elf:3)
  A quicksilver dragon (Zot:1)
  7 death cobs
  9 sphinxes
  23 acid blobs
  An Executioner (Pan)
  2 tentacled starspawn (Abyss:1)
  5 ancient champions
  A thorn hunter (Swamp:4)
  Roxanne (Snake:2)
  Kirke (Swamp:1)
  8 storm dragons
  3 tengu reavers
  12 azure jellies
  8 shadow dragons
  12 rockslimes
  A revenant (Crypt:3)
  A draconian monk (Zot:2)
  2 draconian knights
  3 fire giants
  2 balrugs
  2 demonspawn warmongers (Pan)
  The ghost of alexxx the Worldbinder, an adept FeSu of Gozag (Vaults:2)
  3 frost giants
  16 nagarajas
  The ghost of kalagan the Eclecticist, an adept DECj of Sif Muna (Elf:3)
  10 deep elf sorcerers
  4 draconian shifters
  7 draconian scorchers
  A curse skull (Crypt:2)
  A spectral juggernaut (D:14)
  5 cacodemons (Pan)
  An orc warlord (Vaults:1)
  A caustic shrike zombie (Crypt:3)
  Louise (Depths:4)
  4 draconian stormcallers
  4 deep elf elementalists (Elf:3)
  4 spectral caustic shrikes (Depths:2)
  10 vault wardens
  23 very ugly things
  9 reapers
  10 quicksilver oozes
  The ghost of Kununneg the Eclecticist, a journeyman TeAE of Sif Muna (Snake:3)
  2 demonspawn blood saints (Pan)
  5 draconian annihilators
  10 ghouls
  13 ironbound preservers
  21 vampire knights
  13 stone giants
  2 demonspawn corrupters (Pan)
  An ophan (Depths:1)
  5 war gargoyles
  2 spriggan defenders
  15 ironbound thunderhulks
  6 deep elf demonologists (Elf:3)
  11 green draconians
  4 bunyips
  4 deep elf annihilators
  8 black draconians
  5 yellow draconians
  10 red draconians
  4 eleionomae
  A lorocyproca (Pan)
  Azrael (D:13)
  20 dire elephants
  3 spark wasps (Depths:2)
  The ghost of Celil the Destroyer, a journeyman DgHW (D:14)
  8 purple draconians
  6 white draconians
  9 ettins
  7 eidola
  10 deep elf death magi
  A crystal guardian (Vaults:2)
  A green death (Pan)
  2 blizzard demons
  A spectral golden dragon (D:14)
  7 fire dragons
  2 shambling mangroves
  2 deep elf high priests (Elf:3)
  19 jiangshi
  A fenstrider witch zombie (Crypt:1)
  Josephine (D:11)
  14 great orbs of eyes
  2 peacekeepers
  2 rakshasas (Depths:1)
  5 entropy weavers
  11 ice dragons
  9 yaktaur captains
  A salamander tyrant (Snake:4)
  Erolcha (D:11)
  3 spriggan air magi
  26 hydras
  A juggernaut simulacrum (D:14)
  23 vault guards
  3 boulder beetles
  7 anacondas
  2 catoblepae (Lair:4)
  5 ironbound frosthearts
  A spectral frost giant (D:14)
  2 ghost crabs
  5 centaur warriors
  34 dancing weapons
  4 two-headed ogres
  2 death knights (Crypt:2)
  7 deep troll shamans
  An azure jelly zombie (Crypt:3)
  5 alligators
  8 hell hogs
  6 death yaks
  13 naga warriors
  5 tengu warriors
  4 spriggan berserkers
  A death scarab (Depths:4)
  10 deep troll earth magi
  9 shock serpents
  A spectral storm dragon (D:14)
  2 orc high priests
  19 deep elf knights
  17 naga sharpshooters
  15 vampire magi
  A storm dragon zombie (D:14)
  11 spriggans
  3 sun demons
  9 iron trolls
  2 thrashing horrors (Abyss:1)
  12 hell knights
  A titan zombie (Crypt:3)
  2 wretched stars (Abyss:1)
  9 soul eaters
  Nergalle (D:11)
  7 goliath frogs
  A shadow wraith (Crypt:2)
  3 salamander mystics
  A spectral anaconda (Lair:5)
  10 sixfirhies
  2 bunyip zombies
  Amaemon (D:11)
  44 deep trolls
  40 skeletal warriors
  A golden dragon zombie (Crypt:3)
  4 shadow demons (Pan)
  2 obsidian statues
  3 glowing orange brains
  5 naga ritualists
  2 anaconda zombies
  27 phantasmal warriors
  2 spriggan druids
  20 swamp dragons
  9 wizards
  9 bog bodies
  2 flayed ghosts
  2 orc knights
  5 deep elf archers
  13 ironbound convokers
  10 necromancers
  3 harpies (Vaults:3)
  29 deep elf pyromancers
  6 lindwurms
  A shadow dragon zombie (Crypt:3)
  An iron dragon zombie (D:14)
  7 mana vipers
  8 shining eyes
  3 cyclopes
  An oklob plant (Lair:3)
  A manticore (D:14)
  21 deep elf zephyrmancers
  19 ugly things
  9 salamanders
  7 will-o-the-wisps
  17 moths of wrath
  5 orc sorcerers
  2 naga zombies
  An apocalypse crab (Abyss:1)
  6 cane toads
  13 elephants
  4 orange demons
  A torpor snail (Lair:2)
  7 guardian serpents
  17 naga magi
  16 vault sentinels
  An alligator snapping turtle zombie (Crypt:3)
  3 eyes of devastation
  2 ice statues (IceCv)
  33 black mambas
  13 demonic crawlers (Pan)
  5 smoke demons (Abyss:1)
  Maggie (D:6)
  3 dire elephant skeletons
  A pale draconian zombie (Crypt:1)
  2 yaktaur zombies
  8 komodo dragons
  An unseen horror (D:11)
  An unseen horror zombie (Crypt:1)
  A freezing wraith (Abyss:1)
  A hellion (Depths:1)
  A rime drake (shapeshifter) (D:15)
  3 rime drakes
  2 kobold demonologists
  5 tengu conjurers
  A sea snake zombie (Crypt:3)
  3 efreet
  2 yaktaurs (shapeshifter)
  A green draconian skeleton (Crypt:1)
  2 ice devils
  13 yaktaurs
  4 guardian mummies
  A tormentor (Pan)
  A hydra zombie (Crypt:3)
  A red devil (Depths:4)
  An ancient zyme (Abyss:1)
  4 polar bears
  A bloated husk (Swamp:3)
  A hydra skeleton (Abyss:1)
  A meliai (D:13)
  4 harpy zombies
  5 trolls
  10 hornets
  14 blink frogs
  10 tyrant leeches
  A hornet (shapeshifter) (Elf:2)
  Grinder (D:6)
  A death drake zombie (Crypt:2)
  A hellwing (Abyss:1)
  A dream sheep (shapeshifter) (D:15)
  4 dream sheep (Lair:2)
  A wind drake (shapeshifter) (Depths:2)
  A tarantella (Vaults:1)
  A spectral dream sheep (Lair:3)
  A satyr zombie (Crypt:1)
  4 spectral elephants (Lair:5)
  An ettin zombie (Crypt:2)
  149 slime creatures
  14 wraiths
  A stone giant simulacrum (D:14)
  6 flying skulls (Abyss:1)
  A centaur simulacrum (D:15)
  5 wyverns
  7 vampires
  A culicivora (Vaults:4)
  A wind drake zombie (Crypt:3)
  A fire dragon skeleton (Crypt:2)
  An ice dragon skeleton (Crypt:3)
  5 air elementals
  4 ynoxinuls
  A black mamba zombie (Crypt:3)
  10 fire elementals
  2 steam dragons
  33 yaks
  4 large abominations
  4 water elementals
  6 golden eyes
  6 basilisks
  A neqoxec (Pan)
  5 hogs (Swamp:1)
  2 death yak simulacra (Lair:5)
  6 redbacks
  An ogre zombie (Vaults:2)
  10 vampire mosquitoes
  8 chaos spawn
  Menkaure (D:5)
  3 wargs
  3 acid dragons
  13 swamp worms
  2 spectral cane toads (Lair:5)
  46 nagas
  10 water moccasins
  2 floating eyes (Depths:1)
  A hell hound (D:13)
  A hydra simulacrum (Crypt:2)
  3 glowing shapeshifter skeletons
  26 orc warriors
  A sky beast (D:7)
  2 spectral blink frogs (Lair:3)
  12 swamp drakes
  2 black bears (D:8)
  2 ice beasts
  3 elephant zombies (Lair:5)
  A black mamba simulacrum (Crypt:2)
  7 great orb of eyes simulacra (IceCv)
  8 boggarts
  14 ogres
  9 wolves
  6 centaurs
  3 phantoms
  4 slime creature simulacra (IceCv)
  A rime drake skeleton (Crypt:1)
  Blork the orc (D:6)
  7 kobold brigands
  15 bullfrogs
  4 necrophages
  3 earth elementals
  2 scorpions
  3 cane toad simulacra
  3 two-headed ogre simulacra (D:12)
  3 small abominations (Abyss:1)
  4 glowing shapeshifter simulacra
  8 wights
  An elephant simulacrum (Lair:5)
  A swamp dragon simulacrum (Crypt:2)
  12 howler monkeys
  6 electric eels
  2 spriggan skeletons (Crypt:3)
  A centaur zombie (Crypt:2)
  2 quasits (Abyss:1)
  5 hounds
  2 bullfrog skeletons
  3 jellies
  31 orc priests
  6 starcursed masses (Abyss:1)
  A gnoll bouda (D:8)
  An iron imp (Abyss:1)
  10 hell rats
  5 iguanas
  A sleepcap (D:7)
  35 orc wizards
  2 troll simulacra (D:12)
  2 shapeshifter simulacra (IceCv)
  A wolf simulacrum (D:12)
  A sky beast zombie (Crypt:2)
  4 gnolls (D:8)
  7 adders
  A swamp drake skeleton (Crypt:2)
  6 white imps
  4 ufetubi
  An adder skeleton (Crypt:1)
  2 iguana skeletons
  3 worms (D:2)
  6 dart slugs
  64 orcs
  8 ball pythons
  8 bats
  8 endoplasms
  5 giant cockroaches
  9 goblins
  A goblin (shapeshifter) (Elf:1)
  7 hobgoblins
  2 jackals (D:1)
  3 quokkas
  2 frilled lizards (D:3)
  21 kobolds
  5 rats
  2 starspawn tentacles (Abyss:1)
2306 creatures vanquished.

Vanquished Creatures (collateral kills)
  Jorgrun (Snake:3)
  A vault sentinel (Vaults:2)
2 creatures vanquished.

Vanquished Creatures (others)
  A draconian stormcaller (Depths:4)
  A vampire mage (Crypt:2)
  A naga warrior (Snake:4)
  A wizard (Vaults:3)
  A swamp dragon (Swamp:4)
  2 ironbound convokers
  A salamander (Snake:3)
  A vault sentinel (Vaults:2)
  An unseen horror (D:12)
  A slime creature (Slime:4)
  A hog (Swamp:1)
  A vampire mosquito (Swamp:2)
  A howler monkey (D:12)
  A hell rat (Lair:3)
  32 foxfires
  2 starspawn tentacles (Abyss:1)
49 creatures vanquished.

Grand Total: 2357 creatures vanquished

Notes
Turn   | Place    | Note
-------+----------+-------------------------------------------
     0 | D:1      | Ijustatesigmund the Gargoyle Earth Elementalist began the
                  | quest for the Orb.
     0 | D:1      | Reached XP level 1. HP: 10/10 MP: 3/3
   118 | D:1      | Reached XP level 2. HP: 6/16 MP: 0/5
   247 | D:1      | Reached skill level 1 in Fighting
   305 | D:1      | Reached skill level 4 in Earth Magic
   341 | D:1      | Found a faded altar of an unknown god.
   631 | D:1      | Reached XP level 3. HP: 20/20 MP: 4/6
   635 | D:1      | Learned a level 3 spell: Stone Arrow
  1427 | D:2      | Reached skill level 1 in Conjurations
  1448 | D:2      | Reached XP level 4. HP: 14/25 MP: 0/7
  1546 | D:2      | Reached skill level 1 in Maces & Flails
  2105 | D:3      | Reached XP level 5. HP: 29/29 MP: 6/9
  2883 | D:5      | Entered Level 5 of the Dungeon
  2883 | D:5      | Noticed a kobold brigand
  2922 | D:5      | Killed a kobold brigand
  2923 | D:5      | Reached skill level 5 in Earth Magic
  2923 | D:5      | Reached XP level 6. HP: 26/34 MP: 1/11
  3675 | D:4      | Found a staircase to the Ecumenical Temple.
  3682 | D:4      | Reached XP level 7. HP: 38/38 MP: 4/12
  3837 | Temple   | Entered the Ecumenical Temple
  4198 | Temple   | Became a worshipper of Vehumet
  4250 | D:4      | Learned a level 5 spell: Irradiate
  4515 | D:4      | Reached skill level 1 in Transmutations
  4933 | D:5      | Noticed Menkaure
  4961 | D:5      | Killed Menkaure
  4962 | D:5      | Reached XP level 8. HP: 23/46 MP: 6/14
  5383 | D:5      | Reached skill level 5 in Spellcasting
  5416 | D:5      | Reached * piety under Vehumet
  5416 | D:5      | Offered knowledge of Foxfire by Vehumet.
  5705 | D:5      | HP: 2/48 [orc wizard/magic dart (6)]
  6073 | D:5      | Reached skill level 5 in Fighting
  6638 | D:6      | Noticed Blork the orc
  6641 | D:6      | Killed Blork the orc
  6642 | D:6      | Reached XP level 9. HP: 54/54 MP: 10/17
  6889 | D:6      | Noticed Grinder
  6893 | D:6      | Killed Grinder
  7171 | D:6      | Noticed Maggie
  7175 | D:6      | Killed Maggie
  8040 | D:7      | Reached skill level 5 in Transmutations
  8732 | D:7      | Reached XP level 10. HP: 54/59 MP: 2/21
  8882 | D:7      | Reached skill level 5 in Maces & Flails
  9928 | D:8      | Reached skill level 5 in Conjurations
 11068 | D:8      | Found a staircase to the Lair.
 11277 | D:8      | Offered knowledge of Scorch by Vehumet.
 11422 | D:8      | Reached ** piety under Vehumet
 12090 | D:9      | Noticed a two-headed ogre
 12096 | D:9      | Killed a two-headed ogre
 12097 | D:9      | Reached skill level 1 in Armour
 12569 | D:9      | Reached XP level 11. HP: 54/66 MP: 5/23
 12800 | D:9      | Found a shadowy altar of Dithmenos.
 13372 | D:10     | Entered Level 10 of the Dungeon
 13475 | D:10     | Offered knowledge of Hailstorm by Vehumet.
 13683 | D:10     | Reached *** piety under Vehumet
 14021 | D:10     | Reached skill level 6 in Earth Magic
 14246 | D:10     | Found a transporter.
 14712 | D:11     | Noticed a two-headed ogre
 14718 | D:11     | Killed a two-headed ogre
 14904 | D:11     | Noticed Erolcha
 14909 | D:11     | Killed Erolcha
 15023 | D:11     | Reached skill level 7 in Earth Magic
 15089 | D:11     | Noticed a cyclops
 15095 | D:11     | Killed a cyclops
 15224 | D:11     | Found a staircase to the Orcish Mines.
 15391 | D:11     | Offered knowledge of Sticky Flame by Vehumet.
 15439 | D:11     | Noticed Josephine
 15445 | D:11     | Noticed Nergalle
 15447 | D:11     | Killed Josephine
 15448 | D:11     | Reached skill level 8 in Earth Magic
 15476 | D:12     | Noticed a cyclops
 15547 | D:12     | Reached XP level 12. HP: 72/73 MP: 25/25
 15593 | D:12     | Reached skill level 1 in Evocations
 15597 | D:12     | Found a frozen archway.
 15606 | D:12     | Reached **** piety under Vehumet
 15617 | IceCv    | Entered an ice cave
 15669 | IceCv    | Learned a level 2 spell: Blink
 16038 | IceCv    | Reached skill level 1 in Translocations
 16383 | IceCv    | Offered knowledge of Olgreb's Toxic Radiance by Vehumet.
 16402 | IceCv    | Reached skill level 9 in Earth Magic
 16785 | IceCv    | Reached skill level 10 in Spellcasting
 17571 | IceCv    | Noticed a quicksilver ooze
 17574 | IceCv    | Killed a quicksilver ooze
 17949 | IceCv    | Noticed an azure jelly
 17951 | IceCv    | Found a viscous altar of Jiyva.
 17951 | IceCv    | Noticed an azure jelly
 17964 | IceCv    | Killed an azure jelly
 18090 | IceCv    | Killed an azure jelly
 18413 | IceCv    | Identified the +1 ring mail of Past Mistakes {-Cast +Inv
                  | rElec rC++}
 18420 | IceCv    | Got the ring "Besta" {Ice *Corrode rElec rPois Str-4}
 18489 | D:12     | Reached skill level 10 in Earth Magic
 18826 | D:12     | Found a portal to a secret trove of treasure.
 19283 | D:11     | Killed Nergalle
 19284 | D:11     | Reached skill level 10 in Conjurations
 19284 | D:11     | Reached XP level 13. HP: 56/78 MP: 18/27
 19357 | D:11     | Noticed Amaemon
 19369 | D:11     | Killed Amaemon
 19696 | D:13     | Noticed Azrael
 19707 | D:13     | Killed Azrael
 19967 | D:13     | Reached skill level 1 in Shields
 20103 | D:13     | Reached ***** piety under Vehumet
 20103 | D:13     | Offered knowledge of Starburst by Vehumet.
 20111 | D:13     | Learned a level 6 spell: Starburst
 20206 | D:13     | Reached skill level 11 in Earth Magic
 20929 | D:14     | Found a gate to the Vaults.
 21563 | D:14     | Found a sacrificial altar of Ru.
 21720 | D:14     | Found a blossoming altar of Fedhas.
 21730 | D:14     | Found a runed translucent gate.
 21730 | D:14     | Found a runed translucent gate.
 21731 | D:14     | Found a runed translucent gate.
 21732 | D:14     | Noticed Celil's ghost (journeyman DgHW)
 21732 | D:14     | Noticed a spectral juggernaut
 21870 | D:14     | Reached skill level 5 in Shields
 22343 | Lair:1   | Entered Level 1 of the Lair of Beasts
 22349 | Lair:1   | Gained mutation: Your large and strong wings let you fly.
                  | [Gargoyle growth]
 22349 | Lair:1   | Reached XP level 14. HP: 83/83 MP: 28/29
 22564 | Lair:1   | Found a broken altar of Ashenzari.
 22618 | Lair:1   | Reached skill level 1 in Fire Magic
 22789 | Lair:1   | Identified a scroll of acquirement
 22790 | Lair:1   | Acquired 955 gold pieces
 24228 | Lair:2   | Reached skill level 12 in Earth Magic
 26276 | Lair:3   | Found a staircase to the Snake Pit.
 26353 | Lair:3   | Offered knowledge of Plasma Beam by Vehumet.
 26915 | Lair:3   | Found a staircase to the Swamp.
 27745 | Lair:5   | Entered Level 5 of the Lair of Beasts
 27763 | Lair:5   | Reached XP level 15. HP: 70/88 MP: 31/31
 27987 | Lair:5   | Reached skill level 13 in Earth Magic
 28082 | Lair:5   | Reached skill level 5 in Fire Magic
 28135 | Lair:5   | Found a staircase to the Slime Pits.
 28261 | Lair:5   | Found a blossoming altar of Fedhas.
 28857 | Lair:5   | Offered knowledge of Arcjolt by Vehumet.
 28906 | Lair:5   | Identified the staff of cold "Aqoan" {rC+ rCorr Int+3
                  | Dex+3}
 29995 | Orc:1    | Entered Level 1 of the Orcish Mines
 30424 | Orc:1    | Found Fanwesh's Distillery.
 30446 | Orc:1    | Bought a potion of heal wounds for 75 gold pieces
 30593 | Orc:1    | Found Wajoczat's CLEARANCE SALE!.
 30924 | Orc:2    | Entered Level 2 of the Orcish Mines
 31155 | Orc:2    | Found a staircase to the Elven Halls.
 31248 | Orc:2    | Offered knowledge of Fireball by Vehumet.
 31258 | Orc:2    | Paralysed by an orc sorcerer for 2 turns
 31277 | Elf:1    | Entered Level 1 of the Elven Halls
 31344 | Orc:2    | Paralysed by an orc sorcerer for 2 turns
 31926 | Orc:2    | Found Tetocob's Assorted Antiques.
 31926 | Orc:2    | Found Cuihecaw's Assorted Antiques.
 31927 | Orc:2    | Found Hoanwayd's Jewellery Boutique.
 31931 | Orc:2    | Found Odoenn's Antique Weapon Boutique.
 31980 | Orc:2    | Bought a shimmering whip for 240 gold pieces
 31980 | Orc:2    | Identified the +2 whip "Emuiv" {protect, Fragile rPois rC+
                  | rN+} (You bought it in a shop on level 2 of the Orcish
                  | Mines)
 32200 | D:14     | Reached skill level 14 in Earth Magic
 32254 | D:14     | Killed Celil's ghost
 32431 | D:14     | Identified the +0 hat of Ikecw {Int+3}
 32475 | D:15     | Entered Level 15 of the Dungeon
 32481 | D:15     | Reached XP level 16. HP: 92/92 MP: 27/33
 32487 | D:15     | Learned a level 5 spell: Fireball
 32570 | D:15     | Found Bacikk's Antique Weapon Emporium.
 33071 | D:15     | Found a staircase to the Depths.
 33359 | D:15     | Noticed a sphinx
 33359 | D:15     | Identified the ring of Kedosin {MP+9 Int+4}
 33365 | D:15     | Noticed a sphinx
 33381 | D:15     | Killed a sphinx
 33548 | D:15     | Killed a sphinx
 34324 | Snake:1  | Entered Level 1 of the Snake Pit
 34721 | Snake:1  | Offered knowledge of Eringya's Noxious Bog by Vehumet.
 34811 | Snake:1  | Found Amoas's Antique Weapon Shop.
 35620 | Snake:1  | Found Buops's Vocational Training.
 35628 | Snake:1  | Bought a manual of Evocations for 1040 gold pieces
 36141 | Snake:2  | Found Irphynuot's Gadget Gallery.
 36992 | Snake:2  | Noticed Roxanne
 37216 | Snake:2  | Learned a level 2 spell: Passwall
 37250 | Snake:2  | HP: 3/96 [Roxanne/bolt of magma (25)]
 37251 | Snake:2  | Killed Roxanne
 37563 | Snake:3  | Found a runed translucent door.
 37564 | Snake:3  | Noticed Kununneg's ghost (journeyman TeAE)
 37582 | Snake:3  | Killed Kununneg's ghost
 37583 | Snake:3  | Reached skill level 5 in Armour
 37586 | Snake:3  | Identified the amulet of Mylleimu {RegenMP rF+ SInv}
 37874 | Snake:2  | Reached skill level 5 in Evocations
 37933 | Snake:3  | Reached skill level 10 in Fighting
 38096 | Snake:3  | Reached XP level 17. HP: 89/102 MP: 32/34
 39055 | Snake:3  | Noticed Jorgrun
 39063 | Snake:3  | Killed Jorgrun
 39286 | Snake:3  | Offered knowledge of Orb of Destruction by Vehumet.
 39322 | Snake:3  | Learned a level 6 spell: Iron Shot
 39761 | Snake:3  | Identified the +0 leather armour of the Final Suns
                  | {Rampage}
 39954 | Snake:4  | Entered Level 4 of the Snake Pit
 40451 | Snake:4  | Found Pannab's Overcharged Wands.
 41665 | Snake:4  | Reached skill level 10 in Maces & Flails
 41906 | Snake:4  | Reached skill level 15 in Earth Magic
 42315 | Snake:4  | Got a serpentine rune of Zot
 43036 | Snake:4  | Reached XP level 18. HP: 71/108 MP: 30/35
 43473 | Snake:4  | Reached skill level 5 in Stealth
 43685 | Swamp:1  | Entered Level 1 of the Swamp
 44060 | Swamp:1  | Noticed Kirke
 44082 | Swamp:1  | Killed Kirke
 44719 | Swamp:1  | Noticed Mlioglotl
 44726 | Swamp:1  | Killed Mlioglotl
 45071 | Swamp:1  | Offered knowledge of Maxwell's Capacitive Coupling by
                  | Vehumet.
 45711 | Swamp:2  | Reached ****** piety under Vehumet
 45724 | Swamp:2  | Reached skill level 15 in Conjurations
 46263 | Swamp:2  | Reached skill level 16 in Earth Magic
 47136 | Swamp:3  | Reached skill level 5 in Dodging
 47920 | Swamp:4  | Entered Level 4 of the Swamp
 47921 | Swamp:4  | Offered knowledge of Shatter by Vehumet.
 47921 | Swamp:4  | Offered knowledge of Polar Vortex by Vehumet.
 47921 | Swamp:4  | Offered knowledge of Ignition by Vehumet.
 49227 | Swamp:4  | Reached XP level 19. HP: 113/113 MP: 2/37
 49762 | Swamp:4  | Acquired the +7 eveningstar of Proximity {protect, rElec
                  | rN+ Str+3}
 50120 | Swamp:4  | Reached skill level 17 in Earth Magic
 50865 | Swamp:4  | Got a decaying rune of Zot
 51138 | Vaults:1 | Entered Level 1 of the Vaults
 53860 | Vaults:2 | Reached skill level 18 in Earth Magic
 54073 | Vaults:2 | Found a runed translucent door.
 54073 | Vaults:2 | Noticed alexxx's ghost (adept FeSu)
 54335 | Vaults:2 | Paralysed by a sphinx for 4 turns
 54435 | Vaults:2 | Reached skill level 10 in Evocations
 54435 | Vaults:2 | Reached XP level 20. HP: 123/123 MP: 38/38
 54623 | Vaults:2 | Reached XP level 21. HP: 45/128 MP: 30/39
 55168 | Vaults:2 | Identified the +1 whip of Balance {freeze, rElec rF+}
 55461 | Vaults:2 | Reached skill level 19 in Earth Magic
 55642 | Vaults:2 | Killed alexxx's ghost
 56241 | Vaults:3 | Found a staircase to the Crypt.
 58252 | Vaults:4 | Learned a level 9 spell: Shatter
 58441 | Vaults:4 | Reached skill level 20 in Earth Magic
 58681 | Vaults:4 | Found Neid's Magic Scroll Shop.
 58961 | Vaults:4 | Found Vasoffy's Armour Shop.
 59002 | Vaults:4 | Identified the +2 helmet of Cheibriados's Approval {+Inv
                  | rCorr MP+9 Int-4}
 59696 | Vaults:4 | Reached skill level 21 in Earth Magic
 60018 | Vaults:4 | Reached XP level 22. HP: 133/133 MP: 15/40
 60807 | Vaults:4 | Bought 3 scrolls of acquirement for 3432 gold pieces
 60807 | Vaults:4 | Acquired the +2 pair of gloves of Action {Dex+3}
 60827 | Vaults:4 | Acquired 866 gold pieces
 60831 | Vaults:4 | Acquired 507 gold pieces
 60841 | Vaults:4 | Paralysed by a great orb of eyes for 3 turns
 60880 | Vaults:5 | Entered Level 5 of the Vaults
 60883 | Vaults:5 | Reached skill level 22 in Earth Magic
 61149 | Crypt:1  | Entered Level 1 of the Crypt
 61791 | Crypt:1  | Reached skill level 23 in Earth Magic
 63375 | Crypt:2  | Reached skill level 24 in Earth Magic
 63502 | Crypt:2  | Found a basalt altar of Yredelemnul.
 63960 | Crypt:3  | Entered Level 3 of the Crypt
 63972 | Crypt:3  | Noticed Ulecsuczon's ghost (veteran MiGl)
 63972 | Crypt:3  | Found an opulent altar of Gozag.
 64309 | Crypt:2  | Killed Ulecsuczon's ghost
 64486 | Crypt:2  | Reached skill level 25 in Earth Magic
 64491 | Crypt:2  | Paralysed by something for 2 turns
 64652 | Crypt:3  | Noticed an ancient lich
 64654 | Crypt:3  | Killed an ancient lich
 64655 | Crypt:3  | Reached XP level 23. HP: 82/138 MP: 41/41
 65112 | Crypt:3  | Found an ancient bone altar of Kikubaaqudgha.
 65594 | Crypt:3  | Found a runed translucent gate.
 65699 | Crypt:3  | Found a staircase to the Tomb.
 65748 | Crypt:3  | Found a runed translucent gate.
 65749 | Crypt:3  | Found a runed translucent gate.
 65981 | Crypt:3  | Reached skill level 26 in Earth Magic
 66522 | Crypt:3  | Identified the ring "Doxkug" {+Blink Will+ Int+3 Dex-3}
 66681 | Crypt:3  | Paralysed by something for 3 turns
 66903 | Crypt:3  | Found a basalt altar of Yredelemnul.
 66915 | Crypt:3  | Identified the +9 broad axe of Spontaneous Combustion
                  | {heavy, rPois rC+}
 66918 | Crypt:3  | Reached skill level 27 in Earth Magic
 66978 | Crypt:3  | Paralysed by a vampire knight for 3 turns
 67238 | Crypt:3  | Identified the +6 chain mail "Moqughea" {Rampage *Slow
                  | Will+++ Dex-2}
 67597 | Crypt:3  | Identified the +1 flail "Udghafoja" {heavy, Str+6 Int-5
                  | Stlth+}
 69294 | Elf:1    | Got Sif Muna's Exposition on Massed Battling
 70109 | Elf:2    | Paralysed by an air elemental for 1 turns
 70317 | Elf:2    | Found a runed translucent gate.
 70318 | Elf:2    | Found a runed translucent gate.
 70318 | Elf:2    | Found a runed translucent gate.
 70326 | Elf:2    | Reached XP level 24. HP: 146/146 MP: 41/41
 70524 | Elf:2    | Reached skill level 15 in Spellcasting
 71193 | Elf:3    | Entered Level 3 of the Elven Halls
 71193 | Elf:3    | Found Cucw's General Store.
 71212 | Elf:3    | Paralysed by an air elemental for 1 turns
 71297 | Elf:3    | Found a runed translucent gate.
 71298 | Elf:3    | Found a runed translucent gate.
 71299 | Elf:3    | Noticed kalagan's ghost (adept DECj)
 71310 | Elf:3    | Killed kalagan's ghost
 71769 | Elf:3    | Found a runed translucent gate.
 72008 | Elf:3    | Learned a level 8 spell: Lehudib's Crystal Spear
 72210 | Elf:3    | Identified the +11 quarterstaff of Utom {vamp, rElec Will+
                  | Int+3}
 72217 | Elf:3    | Identified the ring "Timaygat" {rC+ Int+3 Dex+3}
 72418 | Elf:3    | Identified the +11 morningstar "Hoblitz" {freeze, rPois
                  | Str-3 Int+3}
 72424 | Elf:3    | Paralysed by an air elemental for 1 turns
 72653 | Elf:3    | Learned a level 4 spell: Iskenderun's Mystic Blast
 72681 | Elf:3    | Got the Vademecum on Transformed Geomancy
 72684 | Elf:3    | Got the Annotations on the Sphinx and Minerals
 72718 | Elf:3    | Identified the staff of earth "Qoshrauq" {rN+ Int+5 Dex-4
                  | Stlth+}
 72819 | Elf:3    | Got the Omnibus of Scintillating Sculpting
 72846 | Elf:3    | Found the +3 giant club "Skullcrusher" {speed, Str+7}
 72861 | Elf:3    | Identified the staff of fire "Wunab" {rF+ Will+ Str+4 SInv}
 73483 | Slime:1  | Entered Level 1 of the Pits of Slime
 73553 | Slime:1  | Reached skill level 5 in Translocations
 74929 | Slime:2  | Reached skill level 15 in Fighting
 75191 | Slime:3  | Noticed Dissolution
 75194 | Slime:3  | Paralysed by a floating eye for 3 turns
 75199 | Slime:3  | Killed Dissolution
 76513 | Slime:4  | Reached skill level 15 in Maces & Flails
 76590 | Slime:5  | Entered Level 5 of the Pits of Slime
 78063 | Slime:4  | Gained mutation: Armour fits poorly on your strangely
                  | shaped body. [a shining eye]
 78066 | Slime:4  | Gained mutation: You are clumsy. (Dex -2) [a shining eye]
 79095 | Slime:5  | Reached XP level 25. HP: 138/156 MP: 30/43
 79172 | Slime:5  | Lost mutation: You are clumsy. (Dex -2) [a shining eye]
 79178 | Slime:5  | Noticed the Royal Jelly
 79383 | Slime:5  | Killed the Royal Jelly
 80009 | Slime:5  | Identified the staff of earth "Hyostep" {Str+3 Dex+3 SInv}
 80057 | Slime:5  | Identified the ring of Disaster {rC+ Will+}
 80073 | Slime:5  | Identified the +4 rapier "Dusch" {spect, *Slow rPois rC+
                  | Int+3}
 80106 | Slime:5  | Got a slimy rune of Zot
 80144 | Slime:5  | Identified the +1 scimitar of Tension {antimagic, rPois
                  | rF+}
 80210 | Slime:5  | Identified the +0 scale mail of Responsibility {+Blink rC+}
 80646 | Lair:5   | Lost mutation: Armour fits poorly on your strangely shaped
                  | body. [potion of mutation]
 80646 | Lair:5   | Gained mutation: You possess an exceptional clarity of
                  | mind. [potion of mutation]
 80646 | Lair:5   | Gained mutation: You have sharp toenails. [potion of
                  | mutation]
 80905 | Depths:1 | Entered Level 1 of the Depths
 81635 | Depths:1 | Found a shimmering altar of Xom.
 81635 | Depths:1 | Found a shimmering altar of Xom.
 81635 | Depths:1 | Found a shimmering altar of Xom.
 81636 | Depths:1 | Found a shimmering altar of Xom.
 81638 | Depths:1 | Found a shimmering altar of Xom.
 81638 | Depths:1 | Found a shimmering altar of Xom.
 81638 | Depths:1 | Found a shimmering altar of Xom.
 81666 | Depths:1 | Gained mutation: You have a pair of small antennae on your
                  | head. [a shining eye]
 81968 | Depths:1 | Found a gateway to Hell.
 82174 | Depths:1 | Found a one-way gateway to a ziggurat.
 82716 | Depths:1 | Reached skill level 10 in Translocations
 84139 | Depths:2 | Reached skill level 10 in Armour
 85289 | Depths:2 | Found Poazaod's Distillery.
 85344 | Depths:2 | Bought a potion of mutation for 80 gold pieces
 85344 | Depths:2 | Bought a potion of mutation for 80 gold pieces
 85344 | Depths:2 | Bought a potion of haste for 100 gold pieces
 85344 | Depths:2 | Bought a potion of curing for 30 gold pieces
 85432 | Depths:2 | Found a one-way gate to the infinite horrors of the Abyss.
 85842 | Depths:2 | Found a one-way gate leading to the halls of Pandemonium.
 87094 | Depths:3 | Reached XP level 26. HP: 107/163 MP: 29/45
 87220 | Depths:2 | Learned a level 8 spell: Infestation
 87228 | Depths:3 | Reached skill level 1 in Necromancy
 88903 | Depths:4 | Entered Level 4 of the Depths
 88906 | Depths:4 | Identified the -2 tower shield of the Kettle-Drum {Int+6
                  | Dex+3}
 88906 | Depths:4 | Noticed Louise
 88907 | Depths:4 | Killed Louise
 88910 | Depths:4 | Reached skill level 5 in Necromancy
 89217 | Depths:4 | Found Woleupn's Mass Market.
 90115 | Depths:4 | Found a gate to the Realm of Zot.
 90544 | Depths:4 | Noticed Vv
 90554 | Pan      | Entered Pandemonium
 90570 | Pan      | Noticed Afung the pandemonium lord
 90847 | Pan      | Killed Afung the pandemonium lord
 91286 | Pan      | Lost mutation: You possess an exceptional clarity of mind.
                  | [a neqoxec]
 91287 | Pan      | Gained mutation: You are dopey. (Int -2) [a neqoxec]
 91424 | Pan      | Reached skill level 10 in Necromancy
 91826 | Pan      | Gained mutation: You are weak. (Str -2) [a cacodemon]
 91828 | Pan      | Gained mutation: You passively dampen the noise of your
                  | surroundings. [a cacodemon]
 92263 | Pan      | Found an exit through the horrors of the Abyss.
 92272 | Pan      | Took an exit into the Abyss.
 92272 | Abyss:1  | Escaped into the Abyss
 92927 | Abyss:1  | Found a corrupted altar of Lugonu.
 93163 | Abyss:1  | Reached XP level 27. HP: 156/168 MP: 41/45
 93168 | Depths:4 | Escaped the Abyss
 93197 | Depths:4 | Killed Vv
 93993 | Zot:1    | Entered Level 1 of the Realm of Zot
 95958 | Zot:1    | You are sucked into a shaft and drop 1 floor!
 98060 | Zot:3    | Noticed an orb of fire
 98060 | Zot:3    | Gained mutation: You have hidden genetic defects. [an orb
                  | of fire]
 98076 | Zot:2    | Lost mutation: You passively dampen the noise of your
                  | surroundings. [potion of mutation]
 98076 | Zot:2    | Lost mutation: You have a pair of small antennae on your
                  | head. [potion of mutation]
 98076 | Zot:2    | Gained mutation: You have a pair of small horns on your
                  | head. [potion of mutation]
 98076 | Zot:2    | Lost mutation: You have hidden genetic defects. [potion of
                  | mutation]
 98246 | Zot:2    | Lost mutation: You are dopey. (Int -2) [potion of mutation]
 98246 | Zot:2    | Lost mutation: You have sharp toenails. [potion of
                  | mutation]
 98246 | Zot:2    | Gained mutation: You possess an exceptional clarity of
                  | mind. [potion of mutation]
 98246 | Zot:2    | Gained mutation: You have a somewhat thin skeletal
                  | structure. (Dex +2, Stealth+) [potion of mutation]
 98246 | Zot:2    | Gained mutation: Your flesh is heat resistant. (rF+)
                  | [potion of mutation]
 98298 | Zot:3    | Gained mutation: Your body sometimes deteriorates upon
                  | taking damage. [an orb of fire]
 98318 | Zot:2    | Gained mutation: You have sharp toenails. [mutagenic glow]
 98397 | Zot:2    | Killed an orb of fire
 99343 | Zot:3    | Noticed Grunn
 99351 | Zot:3    | Noticed Parghit
 99356 | Zot:3    | Killed Grunn
 99364 | Zot:3    | HP: 2/170 [ghost moth (9)]
 99365 | Zot:3    | Mangled by Parghit

Illustrated notes

Levels and vault maps discovered:
D:1:      minmay_arrival_four_houses, layout_loops_ring, serial_glass,
          glass_columns_a, glass_columns_b, minmay_strange_pillars,
          hellmonk_ecumenical_altar_blasted
D:2:      layout_basic, minmay_pentomino_p4
D:3:      layout_basic, glass_columns_a
D:4:      layout_loops_cross, minmay_temple_entry_stoned_glass,
          kennysheep_decorative_pillar
D:5:      layout_rooms, uniq_menkaure
D:6:      layout_loops_ring, nrook_uturn, uniq_grinder, uniq_blork_the_orc,
          uniq_maggie
D:7:      layout_gridville
D:8:      layout_loops_ring, due_lair_maze_entry_diamond, minivault_1,
          mumra_transporter_accident, minmay_misc_feat_pillars
D:9:      layout_long_grid, mainiacjoe_overflow_concentric_impassable
D:10:     layout_basic, nicolae_diode_basic
D:11:     layout_irregular_city, orc_0_dummy, uniq_nergalle, uniq_josephine,
          uniq_erolcha, uniq_amaemon
D:12:     layout_irregular_city, serial_column_ruins, column_ruins_pillar_8,
          column_ruins_pillar_2, column_ruins_pillar_6, column_ruins_pillar_2,
          column_ruins_pillar_3, column_ruins_pillar_2, column_ruins_pillar_9,
          column_ruins_pillar_2, column_ruins_pillar_2, column_ruins_pillar_2,
          column_ruins_pillar_7, column_ruins_pillar_11, column_ruins_pillar_1,
          column_ruins_pillar_2, column_ruins_pillar_4, column_ruins_pillar_2,
          column_ruins_pillar_2, column_ruins_pillar_10, column_ruins_pillar_2,
          nicolae_trove_entry_crossroad, portal_ice_cave_entry_ice_simulacra
D:13:     layout_rooms, hangedman_corner_corridor, uniq_azrael
D:14:     layout_basic, erik_vaults_1, fedhas_altar_3,
          gammafunk_ghost_necromancy, nicolae_ru_path_of_blood
D:15:     hangedman_depths_entry_civil_slaughter, layout_long_grid,
          serial_shops, shop, minmay_diamond_spiral
Temple:   mainiacjoe_temple_circle_huts
Lair:1:   layout_gridlike, lemuel_altar_in_water2, lemuel_fruit_fields,
          grunt_megastairs_4, infiniplex_staircase_pool_2
Lair:2:   layout_loops_ring
Lair:3:   layout_loops_ring, nicolae_swamp_entry_spooky,
          nicolae_snake_entry_squirm, chequers_serial_rivers_room_a,
          minmay_lair_oklob_bushes, serial_bayou_ford_a,
          eino_small_chamber_without_monster, lemuel_fruit_fields,
          serial_bayou_shore_a, infiniplex_staircase_pool
Lair:4:   layout_misc_corridors
Lair:5:   due_jungle_book, layout_cave_shapes, minmay_slime_entry_pillars,
          basic_altar, lemuel_fruit_tree, grunt_megastairs_5
Swamp:1:  layout_basic_swamp, evilmike_swamp_ruin_rubble_2, swamp_pool1,
          st_swamp_ruins_2, uniq_mlioglotl, uniq_kirke
Swamp:2:  layout_falls_marsh, evilmike_swamp_ruin_house_2
Swamp:3:  layout_basic_swamp, nicolae_swamp_treefoil
Swamp:4:  swamp_basic_johnstein, layout_basic_swamp, swamp_pool5, worms_lemuel
Snake:1:  layout_basic, nicolae_snake_gridmaze_big_u, nicolae_shop_vocational,
          minmay_shop_star
Snake:2:  layout_chambers, nicolae_snake_gridmaze_squiggle,
          nicolae_shop_gadgets, uniq_roxanne
Snake:3:  nicolae_snake_crotalidae_crossing, layout_basic,
          gammafunk_ghost_grave, minmay_snake_pond, uniq_jorgrun
Snake:4:  grunt_snake_rune_spirals, layout_onion, nicolae_shop_overcharged_wands
Slime:1:  layout_caves
Slime:2:  layout_caves
Slime:3:  layout_caves, dissolution_awaits
Slime:4:  layout_caves, nicolae_slime_crime_time
Slime:5
Orc:1:    layout_diamond_mine, serial_shops, nicolae_shop_peninsula,
          basic_altar, hellmonk_bongcloud_opening, nicolae_shop_clearance
Orc:2:    st_orc_mages, layout_diamond_mine, special_room
Elf:1:    layout_loops_ring, minmay_elf_sorcery, minivault_4,
          nrook_loot_triangle, hangedman_elven_ridges, nicolae_elf_stone_circles
Elf:2:    nicolae_elf_blades_crystal_corner, layout_gridlike,
          nicolae_concentric_dashed_squares_mild, nicolae_fountain_basement
Elf:3:    grunt_elf_hall_branching, layout_geoelf_castle, gammafunk_ghost_split,
          serial_shops, shop
Vaults:1: vaults_room_stairs_pillars, v_misc_11, nicolae_vaults_house_2,
          v_rooms_5, nicolae_vaults_house_1, vaults_dpeg_cross,
          ontoclasm_vaults_shuriken, nicolae_vaults_network_s,
          nicolae_vaults_network_square, nicolae_vaults_mini_display_case,
          nicolae_vaults_doubleplus_tesselated, nicolae_vaults_apartment_2,
          layout_vaults_omnicross
Vaults:2: ebering_ghost_inner_flame, nicolae_vaults_inception_corners,
          nicolae_vaults_tangram_2, nicolae_vaults_trapezoid_3,
          nicolae_vaults_three_branches, v_misc_22,
          nicolae_vaults_closet_pinwheel_4, nicolae_vaults_little_squares_2,
          nicolae_vaults_tetromino_Z_2, nicolae_vaults_little_ls,
          vaults_dpeg_hooks, nicolae_vaults_ring_of_whatevers,
          ontoclasm_vaults_loading_screen, v_misc_25, hangedman_vaults_trim,
          nicolae_vaults_hexular_roomagon, st_check,
          nicolae_vaults_border_crossing, layout_vaults_omnibox
Vaults:3: vaults_mumra_hex, v_misc_31, vaults_dpeg_diagonal,
          nicolae_vaults_sesquioval_fish, nicolae_vaults_tetromino_L_1,
          v_misc_19, nicolae_vaults_trapezoid_4, v_pattern_4,
          hangedman_vaults_stagger, vaults_dpeg_encased_lava,
          hangedman_vaults_snaps, minmay_crypt_entry_vampire_xt,
          nicolae_vaults_crenellated_ambush,
          hangedman_vaults_stretched_pinwheel, layout_vaults_maze_snakey
Vaults:4: nicolae_vaults_shipping_containers_2, v_rooms_1,
          grunt_vaults_diagonal, nicolae_vaults_more_shelving_2,
          vaults_dpeg_spiral, nicolae_vaults_tetromino_L_2,
          nicolae_vaults_shelves_hall, hangedman_vaults_nails,
          vaults_room_corners, layout_vaults_big_room, serial_shops,
          nicolae_shop_competitors_out_of_business, nicolae_diamond_shop,
          uniq_margery
Vaults:5
Crypt:1:  layout_basic
Crypt:2:  layout_misc_corridors, grunt_ministairs_14, weyrava_vampire_temple,
          grunt_megastairs_2
Crypt:3:  church_of_pain_bobbens, layout_chaotic_city,
          tomb_entry_simple_bobbens, basic_altar, ebering_ghost_gozag
Depths:1: layout_small_grid, enter_ziggurat_c, xom_redecorated, hellmouth_2,
          grunt_ministairs_4, hangedman_eye_storm
Depths:2: minmay_curly_fans, layout_honeycomb, pf_hell_entry_tar_river,
          pan_entry, serial_shops, shop, abyss_entry_small_statue_room
Depths:3: hangedman_cross_stitches, layout_honeycomb, marbit_kobold_abyss_entry,
          hell_entry
Depths:4: evilmike_zot_entry_argh, layout_gridlike, rand_demon_pan_entry_1,
          hell_entry, nicolae_abyss_entry_one_way_or_another, minmay_shop_mass,
          hellmonk_scarab_ruin, uniq_vv, uniq_josephina
Zot:1:    layout_misc_corridors, st_large_dragon_hoard_3
Zot:2:    layout_gridville
Zot:3:    nicolae_moth_party, layout_basic, uniq_grunn, uniq_parghit

Skill      XL: |  1  2  3  4  5  6  7  8  9 10 11 12 13 14 15 16 17 18 19 20 21 22 23 24 25 26 27 |
---------------+----------------------------------------------------------------------------------+-----
Fighting       | 1 3 5 6 7 10 12 13 15 16 | 16.8
Earth Magic    | 4 5 8 10 11 12 14 15 16 18 21 25 27 | 27.0
Conjurations   | 1 2 3 4 5 8 10 11 12 13 14 15 17 18 | 18.5
Maces & Flails | 1 4 6 9 10 11 12 13 15 16 17 | 17.0
Spellcasting   | 3 4 5 7 8 9 10 11 12 13 14 16 18 19 | 19.0
Transmutations | 2 3 5 6 7 |  7.2
Dodging        | 2 4 5 6 7 |  7.4
Armour         | 2 3 5 6 10 | 10.3
Evocations     | 2 5 8 9 10 | 10.0
Translocations | 4 7 10 | 10.8
Shields        | 5 7 9 |  9.7
Fire Magic     | 4 7 |  7.3
Stealth        | 4 5 |  5.4
Necromancy     | 11 13 | 13.9

Action                     |  1- 3 |  4- 6 |  7- 9 | 10-12 | 13-15 | 16-18 | 19-21 | 22-24 | 25-27 || total
---------------------------+-------+-------+-------+-------+-------+-------+-------+-------+-------++-------
  Melee: Unarmed           |    26 |       |       |       |       |     5 |       |       |       ||    31
         Whip              |    18 |    54 |       |       |       |       |       |       |       ||    72
         Punch             |       |     1 |       |     1 |       |       |       |       |       ||     2
         Flail             |       |       |    69 |   170 |     3 |       |       |       |       ||   242
         Demon whip        |       |       |       |       |   862 |   623 |   100 |       |       ||  1585
         Eveningstar       |       |       |       |       |       |       |   353 |   576 |       ||   929
         Morningstar       |       |       |       |       |       |       |       |   192 |   507 ||   699
         Headbutt          |       |       |       |       |       |       |       |       |    10 ||    10
   Cast: Sandblast         |    45 |    73 |    12 |    10 |     6 |     1 |       |       |       ||   147
         Stone Arrow       |     1 |    16 |   100 |   285 |   425 |   150 |     9 |    10 |    10 ||  1006
         Irradiate         |       |       |       |    28 |    71 |    37 |    17 |    33 |    32 ||   218
         Blink             |       |       |       |     3 |     2 |     2 |       |       |     2 ||     9
         Starburst         |       |       |       |       |    17 |    31 |    19 |     7 |    10 ||    84
         Fireball          |       |       |       |       |       |    39 |    18 |       |     6 ||    63
         Passwall          |       |       |       |       |       |     1 |     1 |       |     4 ||     6
         Iron Shot         |       |       |       |       |       |   253 |   314 |   252 |   207 ||  1026
         Shatter           |       |       |       |       |       |       |     3 |   157 |   169 ||   329
         Lehudib's Crystal |       |       |       |       |       |       |       |    22 |   141 ||   163
         Iskenderun's Myst |       |       |       |       |       |       |       |    11 |    46 ||    57
  Evoke: Wand              |       |       |       |     7 |       |    16 |    15 |     5 |     8 ||    51
    Use: Scroll            |       |     7 |    11 |    13 |     9 |     8 |     5 |    16 |     5 ||    74
         Potion            |       |       |     3 |     8 |     5 |     5 |     9 |     9 |    12 ||    51
   Stab: Sleeping          |       |       |       |       |       |     3 |     1 |       |       ||     4
         Distracted        |       |       |       |       |       |     1 |       |     2 |       ||     3
         Invisible         |       |       |       |       |       |       |     1 |       |       ||     1
 Armour: Robe              |    22 |    47 |    33 |       |       |       |       |       |       ||   102
         Steam dragon scal |       |       |     7 |    37 |       |       |       |       |       ||    44
         Troll leather arm |       |       |       |    99 |   479 |   281 |   228 |   482 |       ||  1569
         Skin              |       |       |       |     1 |       |       |       |       |       ||     1
         Acid dragon scale |       |       |       |       |       |       |       |    23 |   448 ||   471
  Dodge: Dodged            |    36 |    79 |    55 |   133 |   302 |   174 |   165 |   297 |   273 ||  1514
  Block: Other             |       |       |     4 |    66 |    13 |       |       |       |       ||    83
         Reflection        |       |       |     1 |     3 |    20 |    60 |    25 |    30 |    15 ||   154
         Kite shield       |       |       |       |       |   741 |   504 |   421 |   744 |   645 ||  3055
